 Dungeon Crawl Stone Soup version 0.25-a0-578-gc91f01c39c (webtiles) character file.

Game seed: 9012316103280690892, levelgen mode: deterministic

70059 ruphz the Frost Mage (level 14, -15/116 HPs)
             Began as a Red Draconian Ice Elementalist on Mar 2, 2020.
             Was a Priest of Elyvilon.
             Demolished by a +0 dire flail of draining (31 damage)
             ... on level 1 of the Elven Halls on Mar 5, 2020.
             The game lasted 06:43:31 (30133 turns).

ruphz the Frost Mage (DrIE)                        Turns: 30133, Time: 06:43:31

Health: -15/116    AC: 14    Str: 15    XL:     14   Next: 92%
Magic:  22/25      EV: 15    Int: 19    God:    Elyvilon [***...]
Gold:   985        SH:  0    Dex: 11    Spells: 0/28 levels left

rFire    + + +     SeeInvis .   W - +9 great mace "Dixtemyl" {venom, rF+}
rCold    + + .     Gourm    .   (shield currently unavailable)
rNeg     + + +     Faith    .   (armour unavailable)
rPois    .         Spirit   .   l - +0 hat
rElec    .         Reflect  .   M - scarf {rC+ rF+}
rCorr    .         Harm     .   D - +2 pair of gloves
MR       +....                  x - +2 pair of boots
Stlth    +++.......             H - amulet "Pyhithrep" {Acrobat +Inv rN+ Str+2}
HPRegen  0.29/turn              Z - ring of positive energy
MPRegen  0.19/turn              I - ring of Adydioli {+Fly rC+ rN+}

@: protection
A: breathe fire, unfitting armour, fire resistance 1, cold-blooded, AC +8
a: Breathe Fire, Lesser Healing, Heal Other, Purification, Divine Protection,
Renounce Religion, Evoke Invisibility, Evoke Flight


You were on level 1 of the Elven Halls.
You worshipped Elyvilon.
Elyvilon was most pleased with you.
You were not hungry.

You visited 4 branches of the dungeon, and saw 22 of its levels.

You collected 2115 gold pieces.
You spent 1130 gold pieces at shops.

Inventory:

Hand Weapons
 g - a +3 mace of draining
 i - a +3 vorpal long sword
 n - a +3 flail of protection
 y - a +4 falchion of flaming
 A - a +4 whip of flaming
 W - the +9 great mace "Dixtemyl" (weapon) {venom, rF+}
   (You bought it in a shop on level 2 of the Orcish Mines)

   It poisons the flesh of those it strikes.
   It protects you from fire.
 X - the +4 broad axe of Zin's Whim {flame, rPois Int+3 Dex+3}
   (You bought it in a shop on level 2 of the Orcish Mines)

   It has been specially enchanted to burn those struck by it, causing extra
   injury to most foes and up to half again as much damage against particularly
   susceptible opponents.
   Big, fiery blades are also staple armaments of hydra-hunters.
   It affects your intelligence (+3).
   It affects your dexterity (+3).
   It protects you from poison.
Missiles
 d - 51 poisoned darts (quivered)
Armour
 l - a +0 hat (worn)
 p - a +3 buckler
 x - a +2 pair of boots (worn)
 D - a +2 pair of gloves (worn)
 M - a scarf of resistance (worn)
 R - a scarf of cloud immunity
Magical Staves
 K - an uncursed staff of energy
Jewellery
 h - a +4 ring of dexterity
 m - an uncursed ring of protection from magic
 w - an uncursed ring of poison resistance
 B - an uncursed amulet of the gourmand
 H - the amulet "Pyhithrep" (around neck) {Acrobat +Inv rN+ Str+2}
   (You found it on level 8 of the Dungeon)

   [amulet of the acrobat]

   It helps you evade while moving and waiting.
   It affects your strength (+2).
   It protects you from negative energy.
   It lets you turn invisible.
 I - the ring of Adydioli (right hand) {+Fly rC+ rN+}
   (You found it on level 8 of the Dungeon)

   [ring of flight]

   It protects you from cold.
   It protects you from negative energy.
   It lets you fly.
 J - an uncursed amulet of regeneration
 P - an uncursed ring of stealth
 S - an uncursed ring of ice
 T - an uncursed ring of protection from cold
 Z - a ring of positive energy (left hand)
Wands
 f - a wand of digging (5)
 v - a wand of polymorph (27)
 C - a wand of flame (17)
 G - a wand of acid (8)
 U - a wand of disintegration (13)
 Y - a wand of iceblast (6)
Scrolls
 e - 3 scrolls of teleportation
 k - 7 scrolls of remove curse
 t - 9 scrolls of immolation
 z - 4 scrolls of fog
 N - 8 scrolls of magic mapping
 Q - 4 scrolls of identify
 V - a scroll of blinking
Potions
 a - a potion of mutation
 j - 2 potions of stabbing
 o - 5 potions of cancellation
 q - 2 potions of flight
 r - a potion of haste
 s - 2 potions of ambrosia
 u - a potion of lignification
 E - a potion of invisibility
 F - 2 potions of resistance
 L - a potion of might
Comestibles
 b - 24 rations
 c - 4 chunks of flesh


   Skills:
 + Level 8.4 Fighting
 * Level 4.6 Long Blades
 - Level 3.9(5.7) Axes
 - Level 6.5(7.6) Maces & Flails
 + Level 4.1(5.9) Staves
 + Level 7.4 Dodging
 - Level 6.1 Stealth
 + Level 7.8 Shields
 + Level 7.6 Spellcasting
 + Level 5.4 Conjurations
 + Level 7.5 Translocations
   Level 7.4 Fire Magic
 + Level 8.5 Ice Magic
 * Level 6.4 Air Magic
 + Level 8.3 Invocations
 + Level 6.6 Evocations


You couldn't memorise any spells.
You knew the following spells:

 Your Spells              Type           Power        Failure   Level  Hunger
a - Freeze                Ice            ####         1%          1    None
b - Frozen Ramparts       Ice            #####.       1%          3    #......
c - Searing Ray           Conj           ####..       1%          2    None
d - Ozocubu's Armour      Chrm/Ice       ###.....     4%          3    #......
e - Freezing Cloud        Conj/Ice/Air   ####......   65%         6    ######.
f - Blink                 Tloc           N/A          1%          2    None
g - Lightning Bolt        Conj/Air       ####......   22%         5    #####..
h - Magic Dart            Conj           ####         1%          1    None
i - Shock                 Conj/Air       ####         1%          1    None
j - Iskenderun's Mystic   Conj/Tloc      ####....     7%          4    ###....

Your spell library contained the following spells:

 Spells                   Type           Power        Failure   Level  Hunger
 Apportation              Tloc           #####.       1%          1    None
 Conjure Flame            Conj/Fire      ####....     1%          3    #......
 Static Discharge         Conj/Air       ####....     2%          3    #......
 Poisonous Vapours        Pois/Air       ###...       3%          2    None
 Shroud of Golubria       Chrm/Tloc      ###...       3%          2    None
 Swiftness                Chrm/Air       ###.....     3%          2    None
 Mephitic Cloud           Conj/Pois/Air  ###.....     5%          3    #......
 Hailstorm                Conj/Ice       ####....     5%          4    ###....
 Airstrike                Air            ####......   7%          4    ###....
 Animate Skeleton         Necr           N/A          10%         1    None
 Corona                   Hex            #......      10%         1    None
 Infusion                 Chrm           #...         10%         1    None
 Pain                     Necr           #...         10%         1    None
 Summon Small Mammal      Summ           #...         10%         1    None
 Dazzling Flash           Conj/Hex       ###...       10%         3    #......
 Call Imp                 Summ           #.......     14%         2    None
 Slow                     Hex            #.......     14%         2    None
 Song of Slaying          Chrm           #.......     14%         2    None
 Summon Ice Beast         Ice/Summ       ###.....     16%         4    ###....
 Summon Lightning Spire   Summ/Air       ###.....     26%         4    ###....
 Call Canine Familiar     Summ           #.......     28%         3    #......
 Spectral Weapon          Hex/Chrm       #.......     28%         3    #......
 Summon Guardian Golem    Hex/Summ       #.......     28%         3    #......
 Vampiric Draining        Necr           #.........   28%         3    #......
 Fulminant Prism          Conj/Hex       ###.......   30%         4    ###....
 Dispersal                Tloc           #####.....   54%         6    ######.
 Animate Dead             Necr           N/A          67%         4    ###....
 Simulacrum               Ice/Necr       ###.......   94%         6    ######.
 Agony                    Necr           #.......     95%         5    #####..
 Borgnjor's Vile Clutch   Necr/Erth      #.........   95%         5    #####..
 Ring of Flames           Chrm/Fire      ###.......   100%        7    #######


Dungeon Overview and Level Annotations

Branches:
Dungeon (13/15)            Temple (0/1) D:6            Lair (6/6) D:8
  Swamp (0/4) Lair:2       Spider (0/4) Lair:3          Orc (2/2) D:12
    Elf (1/3) Orc:2        Vaults (0/5) D:13
  Slime: Lair:5-6

Altars:
Dithmenos
Elyvilon
Hepliaklqana
Kikubaaqudgha
Makhleb
Okawaru
Sif Muna
Trog
Vehumet
Xom
The Shining One
Beogh

Shops:
D:4 :   D:7 =   D:8 (=   Orc:2 [!*(   Elf:1 =

Annotations:
D:13 exclusions: obsidian statue and orange crystal statue


Innate Abilities, Weirdness & Mutations

You can breathe blasts of fire.
Your fiery red scales are hard. (AC +8)
You cannot fit into any form of body armour.
Your flesh is heat resistant. (rF+)
You are cold-blooded and may be slowed by cold attacks.


Message History

You closely miss the +0 dire flail of draining.
Your tail-slap misses the +0 dire flail of draining.
The walls release a blast of icicles at the +0 dire flail of draining!
The +0 dire flail of draining closely misses you.
The walls release a blast of icicles at the +0 dire flail of draining!
The +0 dire flail of draining hits you!!
* * * LOW HITPOINT WARNING * * *
The walls release a blast of icicles at the +0 dire flail of draining!
The +0 dire flail of draining is encased in ice.
The walls release a blast of icicles at the +0 dire flail of draining!
The wall releases a blast of icicles at the +0 dire flail of draining!
The +0 dire flail of draining completely misses you.
The wall releases a blast of icicles at the +0 dire flail of draining!
The frozen ramparts melt away.
The +0 dire flail of draining is no longer encased in ice.
The +0 dire flail of draining hits you!
* * * LOW HITPOINT WARNING * * *
You beseech Elyvilon to protect your life.
The +0 dire flail of draining hits you!!
You die...

##.###⌠.⌠.......####...####.
.......∩........'...........
...###⌠.⌠.......####..).....
. ##........## ##.)#####
###.....## ##)# ## ##...##
#)## #[ ##'## #..# #. #.#
##.###. #@# ###......
######(########....8... #
#...#........#......... #.
#.....#####.8..)...( .#
#.....# #.........
.##.#.###.#.#.# #.......8.
.........####.# #........<
###.###.......# #.....8...
######### ##........


You could see a +0 dire flail of draining.

Vanquished Creatures
  Snorg (Lair:5)
  Erolcha (D:12)
  7 hydras
  2 two-headed ogres
  4 centaur warriors
  Urug (Lair:5)
  4 orc high priests (Orc:2)
  Sonja (D:13)
  The ghost of loom the Thaumaturge, a novice DECj of Vehumet (D:9)
  A deep troll (D:13)
  An unseen horror (D:11)
  A lindwurm (D:13)
  2 wolf spider zombies (D:7)
  Pikel (D:5)
  4 orc knights
  A phantasmal warrior (D:13)
  A necromancer (Lair:5)
  6 orc sorcerers
  11 deep elf magi (Elf:1)
  2 cyclopes
  An ugly thing (D:13)
  3 black mambas
  9 elephants (Lair:2)
  A manticore (D:8)
  Joseph (D:7)
  12 spiny frogs
  A torpor snail (Lair:3)
  A yaktaur (shapeshifter) (D:13)
  A redback zombie (D:7)
  A rime drake (Lair:2)
  A komodo dragon (Lair:1)
  3 meliai (Lair:4)
  8 trolls
  A polar bear (Lair:3)
  4 blink frogs (Lair:2)
  Grinder (D:4)
  2 dream sheep (D:8)
  11 hippogriffs
  A redback (Orc:2)
  A vampire (D:13)
  A tarantella (Elf:1)
  31 yaks
  12 spriggans
  2 basilisks
  2 vampire mosquitoes (D:12)
  A steam dragon (D:10)
  4 wargs
  An acid dragon (D:11)
  7 porcupines
  8 water moccasins
  Duvessa (D:4)
  30 orc warriors
  5 ice beasts
  2 sky beasts
  An elephant zombie (Lair:5)
  An eye of draining (D:11)
  5 phantoms
  3 black bears
  11 ogres
  7 wolves
  13 centaurs
  5 big kobolds
  12 crocodiles
  3 komodo dragon zombies (Lair:5)
  22 bullfrogs
  A gnoll sergeant (D:8)
  A wyvern zombie (D:7)
  4 scorpions
  Dowan (D:4)
  53 killer bees
  14 wights
  2 howler monkeys
  3 electric eels (Lair:5)
  6 crimson imps
  2 bullfrog zombies
  3 centaur zombies
  A quasit (D:8)
  2 hounds
  3 jellies
  5 iguanas
  19 orc priests
  2 bullfrog skeletons
  5 centaur skeletons
  30 orc wizards
  15 worker ants
  Natasha (thrice) (D:4)
  A hound zombie (D:7)
  A hound skeleton (D:4)
  2 howler monkey zombies
  A worker ant zombie (D:10)
  9 gnolls
  17 adders
  12 shadow imps
  3 adder skeletons
  5 worms
  A dart slug (D:4)
  8 leopard geckos
  97 orcs
  A ball python (D:3)
  6 giant cockroaches
  3 goblins
  5 hobgoblins
  10 jackals
  5 quokkas
  3 bats
  2 frilled lizards
  19 kobolds
  A quokka skeleton (D:7)
  A quokka zombie (D:6)
  9 rats
  A butterfly (D:6)
  A plant (D:6)
706 creatures vanquished.

Vanquished Creatures (others)
  A wizard (D:4)
  An orc warrior (Orc:1)
  A slave (D:5)
  A worker ant (D:10)
  An orc (D:5)
  64 fungi
  28 plants (Lair:2)
  3 withered plants
100 creatures vanquished.

Grand Total: 806 creatures vanquished

Notes
Turn   | Place    | Note
-------+----------+-------------------------------------------
     0 | D:1      | ruphz the Draconian Ice Elementalist began the quest for
                  | the Orb.
     0 | D:1      | Reached XP level 1. HP: 14/14 MP: 3/3
   456 | D:1      | Reached XP level 2. HP: 20/20 MP: 3/5
   797 | D:2      | Found an iron altar of Okawaru.
  1332 | D:2      | Noticed a bullfrog
  1341 | D:2      | Killed a bullfrog
  1341 | D:2      | Reached XP level 3. HP: 12/27 MP: 6/6
  1341 | D:2      | Reached XP level 4. HP: 15/34 MP: 7/7
  1360 | D:2      | Learned a level 3 spell: Frozen Ramparts
  1888 | D:2      | Reached skill level 1 in Maces & Flails
  2194 | D:3      | Reached skill level 1 in Fighting
  2431 | D:3      | Learned a level 1 spell: Apportation
  2474 | D:3      | Reached skill level 1 in Shields
  2710 | D:3      | Upgraded the game from 0.25-a0-577-ga4619f409e to
                  | 0.25-a0-578-gc91f01c39c
  2737 | D:4      | Found a bloodstained altar of Trog.
  2738 | D:4      | Noticed a wizard
  2755 | D:4      | Reached XP level 5. HP: 40/40 MP: 8/8
  2759 | D:4      | Noticed Grinder
  2864 | D:4      | Killed Grinder
  2864 | D:4      | Reached skill level 1 in Translocations
  2864 | D:4      | Reached skill level 5 in Ice Magic
  2864 | D:4      | Reached XP level 6. HP: 46/48 MP: 1/10
  3114 | D:4      | Noticed Dowan
  3116 | D:4      | Noticed Natasha
  3129 | D:4      | Killed Natasha
  3232 | D:4      | Noticed Duvessa
  3261 | D:4      | Killed Dowan
  3262 | D:4      | Killed Duvessa
  3262 | D:4      | Your scales start taking on a fiery red colour.
  3262 | D:4      | Reached XP level 7. HP: 33/56 MP: 2/11
  3262 | D:4      | Gained mutation: Your flesh is heat resistant. (rF+) [Red
                  | Draconian growth]
  3400 | D:4      | Found Laneulea's Book Shop.
  3533 | D:4      | Noticed Natasha
  3535 | D:4      | Killed Natasha
  3580 | D:4      | Killed a wizard
  3690 | D:4      | Noticed Natasha
  3705 | D:4      | Killed Natasha
  4163 | D:5      | Entered Level 5 of the Dungeon
  4234 | D:5      | Found a glowing golden altar of the Shining One.
  4284 | D:5      | Learned a level 3 spell: Ozocubu's Armour
  4438 | D:5      | Found a white marble altar of Elyvilon.
  4444 | D:5      | Became a worshipper of Elyvilon the Healer
  4564 | D:5      | Reached XP level 8. HP: 37/63 MP: 11/13
  4818 | D:5      | Noticed Pikel
  4839 | D:5      | Killed Pikel
  4839 | D:5      | Reached skill level 5 in Ice Magic
  5023 | D:6      | Found a staircase to the Ecumenical Temple.
  5193 | D:6      | Learned a level 4 spell: Hailstorm
  5394 | D:6      | Reached skill level 1 in Evocations
  5394 | D:6      | Noticed a troll
  5413 | D:6      | Killed a troll
  5413 | D:6      | Reached skill level 1 in Invocations
  5413 | D:6      | Reached XP level 9. HP: 58/71 MP: 8/15
  5601 | D:6      | Found a shimmering blue altar of Sif Muna.
  5699 | D:6      | Reached * piety under Elyvilon
  5747 | D:6      | Learned a level 2 spell: Blink
  5783 | D:6      | Reached skill level 1 in Axes
  6136 | D:7      | Found Tepturgh's Jewellery Boutique.
  6246 | D:7      | Noticed Joseph
  6265 | D:7      | Killed Joseph
  6651 | D:7      | Noticed a hellwing
  6651 | D:7      | Noticed a hellwing
  7368 | D:8      | Learned a level 3 spell: Conjure Flame
  7374 | D:8      | Found Qaos's Jewellery Emporium.
  7406 | D:8      | Reached skill level 5 in Stealth
  7406 | D:8      | Reached XP level 10. HP: 68/80 MP: 15/17
  7418 | D:8      | Reached skill level 1 in Fire Magic
  7658 | D:8      | Noticed a three-headed hydra
  7679 | D:8      | Killed a one-headed hydra
  7728 | D:8      | Found an ancient bone altar of Kikubaaqudgha.
  7755 | D:8      | Found a hazy altar of Hepliaklqana.
  7763 | D:8      | Found a radiant altar of Vehumet.
  7788 | D:8      | Reached ** piety under Elyvilon
  7852 | D:8      | Reached skill level 5 in Fighting
  7912 | D:8      | Found a staircase to the Lair.
  7941 | D:8      | Noticed a two-headed ogre
  8123 | D:8      | Killed a two-headed ogre
  8123 | D:8      | Reached skill level 5 in Spellcasting
  8303 | D:8      | Found a burning altar of Makhleb.
  8344 | D:8      | Noticed a manticore
  8452 | D:8      | Killed a manticore
  8452 | D:8      | Reached skill level 5 in Maces & Flails
  8452 | D:8      | Reached skill level 5 in Dodging
  8452 | D:8      | Reached skill level 5 in Shields
  8469 | D:8      | Identified the Handbook of Ghastly Translocation
  8470 | D:8      | Got a sparkling iron amulet
  8470 | D:8      | Got a scorched glass ring
  8610 | D:8      | Found Guvit's Weapon Shoppe.
  8641 | D:8      | Identified the amulet "Pyhithrep" {Acrobat +Inv rN+ Str+2}
                  | (You found it on level 8 of the Dungeon)
  8642 | D:8      | Identified the ring of Adydioli {+Fly rC+ rN+} (You found
                  | it on level 8 of the Dungeon)
  9076 | D:7      | Reached XP level 11. HP: 42/88 MP: 15/18
  9751 | Lair:1   | Entered Level 1 of the Lair of Beasts
  9776 | Lair:1   | HP: 3/88 [porcupine (3)]
  9778 | Lair:1   | Noticed an eight-headed hydra
 10145 | Lair:1   | Learned a level 1 spell: Magic Dart
 10233 | Lair:1   | Killed a seven-headed hydra
 10233 | Lair:1   | Reached skill level 5 in Translocations
 10859 | Lair:1   | Reached *** piety under Elyvilon
 10897 | Lair:1   | Reached skill level 5 in Fire Magic
 11042 | Lair:1   | Found a shadowy altar of Dithmenos.
 11524 | Lair:2   | Noticed a five-headed hydra
 11560 | Lair:2   | Killed a five-headed hydra
 11560 | Lair:2   | Reached skill level 1 in Conjurations
 11599 | Lair:2   | Noticed a five-headed hydra
 11655 | Lair:2   | Found a staircase to the Swamp.
 11678 | Lair:2   | Reached skill level 5 in Invocations
 12103 | D:9      | Found a runed translucent door.
 12103 | D:9      | Noticed loom's ghost (novice DECj)
 12242 | D:9      | Reached **** piety under Elyvilon
 12917 | D:9      | Found a roughly hewn altar of Beogh.
 13279 | D:9      | Killed loom's ghost
 13279 | D:9      | Reached XP level 12. HP: 56/96 MP: 13/20
 13353 | D:10     | Entered Level 10 of the Dungeon
 13665 | D:10     | Noticed a centaur warrior
 13684 | D:10     | Killed a centaur warrior
 13968 | D:10     | Reached ***** piety under Elyvilon
 14552 | D:11     | Reached skill level 1 in Long Blades
 16016 | D:12     | Noticed a seven-headed hydra
 16254 | D:12     | Killed a seven-headed hydra
 16601 | D:12     | Found a staircase to the Orcish Mines.
 16733 | D:13     | Learned a level 5 spell: Lightning Bolt
 16835 | D:13     | Noticed a centaur warrior
 17000 | D:13     | Noticed a four-headed hydra
 17194 | D:8      | Bought an uncursed ring of poison resistance for 320 gold
                  | pieces
 17196 | D:8      | Identified a scroll of acquirement
 17463 | Lair:2   | Reached skill level 1 in Air Magic
 17489 | Lair:2   | Reached skill level 5 in Evocations
 17571 | Lair:2   | Reached XP level 13. HP: 42/104 MP: 4/22
 17636 | Lair:2   | Reached skill level 1 in Staves
 17927 | Lair:2   | Noticed a dire elephant
 18598 | Lair:2   | Learned a level 1 spell: Shock
 18603 | Lair:2   | Learned a level 4 spell: Iskenderun's Mystic Blast
 20012 | Lair:3   | Found a hole to the Spider Nest.
 22590 | Lair:5   | Noticed Snorg
 22623 | Lair:5   | Killed Snorg
 22872 | Lair:5   | Noticed Urug
 23102 | Lair:5   | Killed Urug
 23102 | Lair:5   | Reached XP level 14. HP: 58/114 MP: 12/24
 23754 | Lair:5   | Learned a level 2 spell: Searing Ray
 24250 | Lair:6   | Entered Level 6 of the Lair of Beasts
 24978 | D:13     | Reached skill level 5 in Air Magic
 25225 | D:13     | Noticed Sonja
 25248 | D:13     | Killed Sonja
 26131 | D:13     | Found a gate to the Vaults.
 26362 | Orc:1    | Entered Level 1 of the Orcish Mines
 26377 | Orc:1    | Noticed Erolcha
 26416 | D:12     | Killed Erolcha
 26965 | Orc:1    | Reached skill level 5 in Conjurations
 27198 | Orc:2    | Entered Level 2 of the Orcish Mines
 27211 | Orc:2    | Found a shimmering altar of Xom.
 28407 | Orc:2    | Found a staircase to the Elven Halls.
 28416 | Elf:1    | Entered Level 1 of the Elven Halls
 29418 | Orc:2    | Found Peigg's Distillery.
 29418 | Orc:2    | Found Salic's Armour Emporium.
 29445 | Orc:2    | Found Kopac's General Store.
 29451 | Orc:2    | Found Emyud's Antique Weapon Boutique.
 29505 | Orc:2    | Bought a slimy great mace for 345 gold pieces
 29505 | Orc:2    | Identified the +9 great mace "Dixtemyl" {venom, rF+} (You
                  | bought it in a shop on level 2 of the Orcish Mines)
 29508 | Orc:2    | Bought a potion of heal wounds for 75 gold pieces
 29508 | Orc:2    | Bought a potion of heal wounds for 75 gold pieces
 29508 | Orc:2    | Bought a potion of curing for 45 gold pieces
 29510 | Orc:2    | Bought an ancient broad axe for 270 gold pieces
 29514 | Orc:2    | Identified the +4 broad axe of Zin's Whim {flame, rPois
                  | Int+3 Dex+3} (You bought it in a shop on level 2 of the
                  | Orcish Mines)
 29975 | Elf:1    | Learned a level 6 spell: Freezing Cloud
 29984 | Elf:1    | Found an ancient bone altar of Kikubaaqudgha.
 30096 | Elf:1    | Found Zephianu's Jewellery Shop.
 30133 | Elf:1    | Demolished by a +0 dire flail of draining

Levels and vault maps discovered:
D:1:      dpeg_arrival_boxorama, layout_basic
D:2:      layout_basic, okawaru_metal_pillars_1_2
D:3:      layout_basic, first_ration, corexii_leaking_fountain,
          columned_hall_lemuel
D:4:      layout_cave_pods, serial_shops, kennysheep_mini_moat, trog_wizard,
          uniq_natasha, uniq_duvessa, uniq_grinder
D:5:      layout_loops_cross, elyvilon_altar_4, nicolae_tso_carved_into_rock,
          uniq_pikel
D:6:      kennysheep_orc_sif_temple, layout_loops_cross,
          minmay_temple_entry_butterflies, lexackson_kobold_supper
D:7:      cheibrodos_grave_circle, layout_loops_ring, serial_shops,
          nicolae_shop_crystal, uniq_joseph
D:8:      minmay_the_grid_triangle_9x9_rhombus_full
          [minmay_the_grid_triangle_9x9_alien,
          minmay_the_grid_triangle_9x9_intruding_spiral,
          minmay_the_grid_triangle_9x9_odd_lines,
          minmay_the_grid_triangle_9x9_zippers_vertical,
          minmay_the_grid_triangle_9x9_sprig,
          minmay_the_grid_triangle_9x9_zippers_horizontal,
          minmay_the_grid_triangle_9x9_shrine,
          minmay_the_grid_triangle_9x9_prize_top_heavy], layout_basic,
          chequers_temple_overflow_statue_of_worship, kiku_gazebo_pond_becter,
          serial_shops, shop, shop, hangedman_ranch [blue_anna_fruit_fields]
D:9:      layout_small_grid, special_room [special_room_orc],
          gammafunk_ghost_grave
D:10:     layout_loops_corners
D:11:     layout_loops_ring
D:12:     layout_rooms, david_orc_4, feat_on_display
D:13:     layout_cave_pools, david_vaults_4, minmay_more_statues, uniq_sonja
Lair:1:   layout_cave_pods, basic_altar, infiniplex_staircase_pool
Lair:2:   mu_elephants_graveyard, layout_regular_city, swamp_mist,
          chequers_serial_rivers_micro_b, minivault_11, minmay_hedge_maze
Lair:3:   layout_cave_pods, nicolae_spider_entry_non_spiders, forest_entry_grove
Lair:4:   wad_woods_minihive, layout_misc_corridors
Lair:5:   pond_and_an_island_with_a_cottage, layout_gridlike, uniq_snorg,
          uniq_urug
Lair:6:   grunt_lair_end_beastmaster, layout_regular_city, slime_dummy,
          chequers_serial_rivers_micro_a, grunt_megastairs_1
Orc:1:    layout_caves, uniq_erolcha
Orc:2:    st_orc_elflike, layout_caves, basic_altar
Elf:1:    elf_arrival_002, layout_loops_corners, basic_altar, serial_shops,
          shop_fountains, hangedman_elf_disciples, uniq_agnes

Skill      XL: |  1  2  3  4  5  6  7  8  9 10 11 12 13 14 |
---------------+-------------------------------------------+-----
Dodging        | 2 3 4 5 6 7 |  7.4
Stealth        | 2 3 4 5 6 |  6.1
Maces & Flails | 1 2 3 4 5 6 |  6.5
Fighting       | 1 2 3 4 5 6 7 8 |  8.4
Shields        | 1 2 3 4 5 6 7 |  7.8
Translocations | 1 2 3 4 5 6 7 |  7.5
Ice Magic      | 5 4 5 6 7 8 |  8.5
Spellcasting   | 3 4 5 6 7 |  7.6
Evocations     | 1 2 3 4 5 6 |  6.6
Invocations    | 1 3 4 5 6 7 8 |  8.3
Axes           | 2 3 |  3.9
Fire Magic     | 4 6 7 |  7.4
Conjurations   | 1 3 4 5 |  5.4
Long Blades    | 2 4 |  4.6
Air Magic      | 1 4 6 |  6.4
Staves         | 3 4 |  4.1

Action                   |  1- 3 |  4- 6 |  7- 9 | 10-12 | 13-15 || total
-------------------------+-------+-------+-------+-------+-------++-------
Melee: Unarmed           |    10 |       |       |       |       ||    10
       Mace              |    28 |    75 |    61 |       |       ||   164
       Tailslap          |     3 |     6 |    42 |   119 |   115 ||   285
       Hand axe          |       |       |    20 |       |       ||    20
       Flail             |       |       |   242 |   189 |   303 ||   734
       Falchion          |       |       |       |   449 |   361 ||   810
       Staff             |       |       |       |     5 |    29 ||    34
       Great mace        |       |       |       |       |    55 ||    55
       Whip              |       |       |       |       |    31 ||    31
       Broad axe         |       |       |       |       |    12 ||    12
       Short sword       |       |       |       |       |     4 ||     4
Throw: Dart              |       |     1 |       |    14 |    24 ||    39
 Cast: Freeze            |    10 |     3 |    16 |    25 |     9 ||    63
       Frozen Ramparts   |       |    17 |    28 |   103 |   104 ||   252
       Apportation       |       |     1 |       |       |       ||     1
       Blink             |       |       |     5 |    38 |    19 ||    62
       Ozocubu's Armour  |       |       |     1 |     3 |       ||     4
       Hailstorm         |       |       |     1 |     3 |     6 ||    10
       Conjure Flame     |       |       |       |    10 |       ||    10
       Magic Dart        |       |       |       |    45 |    70 ||   115
       Shock             |       |       |       |       |    86 ||    86
       Iskenderun's Myst |       |       |       |       |    51 ||    51
       Searing Ray       |       |       |       |       |    18 ||    18
       Lightning Bolt    |       |       |       |       |     5 ||     5
Invok: Lesser Healing    |       |       |       |    25 |    15 ||    40
       Divine Protection |       |       |       |     5 |     2 ||     7
       Purification      |       |       |       |     2 |     4 ||     6
       Greater Healing   |       |       |       |     7 |    14 ||    21
       Divine Vigour     |       |       |       |       |     1 ||     1
 Abil: Breathe Fire      |       |       |    26 |    55 |    46 ||   127
       Evoke Invisibilit |       |       |       |     1 |     1 ||     2
       Evoke Flight      |       |       |       |       |     3 ||     3
       Stop Flying       |       |       |       |       |     2 ||     2
Evoke: Wand              |       |       |     3 |     5 |    26 ||    34
  Use: Scroll            |     3 |     5 |    12 |    24 |    18 ||    62
       Potion            |     1 |     3 |     6 |     8 |    18 ||    36
 Stab: Sleeping          |     1 |     1 |     8 |    11 |     4 ||    25
       Distracted        |       |       |       |     1 |       ||     1
       Invisible         |       |       |       |       |     1 ||     1
  Eat: Chunk             |     1 |     8 |    29 |    52 |    44 ||   134
       Ration            |       |       |       |     5 |     8 ||    13
Armor: Skin              |     8 |    23 |   117 |   260 |   310 ||   718
Dodge: Dodged            |    25 |    36 |   222 |   772 |  1076 ||  2131
Block: Buckler           |     1 |    16 |   106 |   302 |   439 ||   864
       Rpst.: Falchion   |       |       |       |   116 |   142 ||   258

Table legend:
 A = Non-vault XP
 B = Vault XP
 C = Vault XP percentage of total XP
 D = Non-vault monster count
 E = Vault monster count
 F = Vault count percentage of total count
                 A         B        C        D         E       F
            +---------+---------+-------+---------+---------+-------
      Total |   59333 |   40752 |  40.7 |     497 |     209 |  29.6
            +---------+---------+-------+---------+---------+-------
        D:1 |      21 |       0 |   0.0 |      13 |       0 |   0.0
        D:2 |     115 |       0 |   0.0 |      13 |       0 |   0.0
        D:3 |      58 |       0 |   0.0 |      20 |       0 |   0.0
        D:4 |     544 |     512 |  48.5 |      23 |       4 |  14.8
        D:5 |     439 |     617 |  58.4 |      15 |       1 |   6.2
        D:6 |    1029 |     325 |  24.0 |      27 |      11 |  28.9
        D:7 |     463 |    3404 |  88.0 |      13 |      11 |  45.8
        D:8 |    1589 |    3687 |  69.9 |      23 |      20 |  46.5
        D:9 |    2520 |    1149 |  31.3 |      35 |      21 |  37.5
       D:10 |    3300 |       0 |   0.0 |      26 |       0 |   0.0
       D:11 |    3513 |       0 |   0.0 |      53 |       0 |   0.0
       D:12 |    3958 |    1607 |  28.9 |      32 |      14 |  30.4
       D:13 |    8113 |    4113 |  33.6 |      28 |       6 |  17.6
     Lair:1 |    4228 |       0 |   0.0 |      20 |       0 |   0.0
     Lair:2 |    7084 |    4601 |  39.4 |      22 |      10 |  31.2
     Lair:3 |    6542 |    1440 |  18.0 |      28 |      15 |  34.9
     Lair:4 |    2991 |    5837 |  66.1 |      14 |      59 |  80.8
     Lair:5 |    1398 |    2968 |  68.0 |       8 |       7 |  46.7
      Orc:1 |    3845 |       0 |   0.0 |      36 |       0 |   0.0
      Orc:2 |    3900 |    7944 |  67.1 |      41 |      25 |  37.9
      Elf:1 |    3683 |    2548 |  40.9 |       7 |       5 |  41.7
            +---------+---------+-------+---------+---------+-------
